 Dungeon Sprint DCSS version 0.30-a0-1160-g6e42c06551 (webtiles) character file.

Game seed: 533546999897479210

3089 sircluck the Severer (level 9, -1/95 HPs)
             Began as a Hill Orc Berserker on Apr 26, 2023.
             Was a Priest of Trog.
             Slain by Agnes
             ... wielding a +0 lajatang
              (27 damage)
             ... in the Dungeon (Sprint IV: "Fedhas' Mad Dash").
             The game lasted 00:06:59 (3526 turns).

sircluck the Severer (Hill Orc Berserker)           Turns: 3526, Time: 00:06:59

Health: -1/95      AC: 14    Str: 24    XL:     9   Next: 89%
Magic:  9/9        EV: 11    Int:  7    God:    Trog [***...]
Gold:   155        SH:  0    Dex: 16    Spells: 8/8 levels left

rFire   . . .        q - +1 battleaxe
rCold   . . .        (shield currently unavailable)
rNeg    . . .        i - +0 chain mail
rPois   .            r - +0 helmet
rElec   .            (no cloak)
rCorr   .            (no gloves)
SInv    .            (no boots)
Will    .....        k - amulet of invisibility {+Inv} Stlth
                     d - +6 ring of dexterity
HPRegen 0.35/turn    (no ring)
MPRegen 0.11/turn

%: no teleportation
@: hasted, studying Stealth, very quick
A: no striking features
a: Renounce Religion, Evoke Invisibility, Berserk, Trog's Hand


You were in the Dungeon.
You worshipped Trog.
Trog was most pleased with you.
You visited 1 branch You collected 195 gold pieces.
You spent 40 gold pieces at shops.

Inventory:

Hand Weapons
 a - a +0 hand axe
 q - a +1 battleaxe (weapon)
Armour
 b - a +0 animal skin
 i - a +0 chain mail (worn)
 j - a +0 scale mail
 r - a +0 helmet (worn)
Jewellery
 d - a +6 ring of dexterity (left hand)
 k - the amulet of invisibility (around neck) {+Inv}
   (You found it in the Dungeon)

   [amulet of nothing]

   +Inv:      It lets you turn invisible.
Scrolls
 h - a scroll of identify {unknown}
 l - a scroll of magic mapping {unknown}
 m - 3 scrolls of fog {unknown}
 n - a scroll of vulnerability {unknown}
 s - a scroll of immolation {unknown}
Potions
 c - a potion of curing
 f - 2 potions of magic
 g - a potion of berserk rage
 o - a potion of degeneration {unknown}
 p - a potion of might


   Skills:
 + Level 14.2 Fighting
 + Level 16.7 Axes
 + Level 13.2 Armour
 + Level 4.2 Dodging
 + Level 5.0 Stealth
 + Level 2.5 Evocations


You had 8 spell levels left.
You didn't know any spells.
Your spell library was empty.

Dungeon Overview and Level Annotations

Branches:
Dungeon (1/1)

Altars:
Cheibriados
Dithmenos
Elyvilon
Gozag
Hepliaklqana
Kikubaaqudgha
Makhleb
Nemelex Xobeh
Okawaru
Qazlal
Ru
Sif Muna
Trog
Uskayaw
Vehumet
Wu Jian
Xom
Yredelemnul
Zin
The Shining One
Beogh
Jiyva
Lugonu

Shops:
D *!!!

Annotations:
D Agnes


Message History

You are no longer corroded.
You start resting.
You start resting.
HP restored.
You now have 155 gold pieces (gained 11).
You see here a book of Debilitation.
You open the door.
A ballistomycete spore comes into view.
The ballistomycete spore waves its rhizomes.
Found a scroll labelled ZUNKO YXZA.
The ballistomycete spore explodes!
The explosion of spores engulfs you but does no damage.
There is an open door here.
s - a scroll labelled ZUNKO YXZA As you open the door, it creaks loudly!
Agnes the Wanderer comes into view.
She is wielding a +0 lajatang.
Agnes shouts!
Agnes bows.
Agnes drinks a potion.
Agnes flickers and vanishes!
Deactivating autopickup; reactivate with Ctrl-A.
There is an open door here.
Your troll goes berserk!
Trog will no longer gift you weapons. Something hits your troll!
Something misses your troll. Something hits your troll! x2
Something hits your troll! Something hits your troll!!
Your troll dies!
Your troll's corpse disappears in a puff of smoke!
You fail to use your ability.
Something hits you.
You fail to use your ability.
Something hits you!
Your ogre goes berserk!
You can no longer call in reinforcements.
Something hits you! x2
You swap places.
Something hits your ogre!! x2
Your ogre dies!
Your ogre's corpse disappears in a puff of smoke!
Something hits you!!
* * * LOW HITPOINT WARNING * * *
You feel yourself speed up. Something hits you!!
You die...

###############################
.#.⌠._._._._.⌠.#..'...#....##∩#
.'.._._._._._..'.)#)..#....'.|#
.#..._._._._...#..###'##..:##∩#
##.._._._._._..#..##∩∩.'...####
.#._._._._._.⌠.#############
.##################
##♣♣♣♣♣..♣.###.'@.+
'......♣).♣##:.#..#
#♣..♣♣♣.♣..###.##'#
#.♣♣..♣...♣'...#♣.♣
################... .♣..♣
.♣.... .. ♣.... ## #####


There were no monsters in sight!

Vanquished Creatures
  A spriggan druid (D)
  3 oklob plants (D)
  3 burning bushes (D)
  A queen bee (D)
  3 scorpions (D)
  4 killer bees (D)
  2 wandering mushrooms (D)
  5 oklob saplings (D)
  2 spriggans (D)
  A river rat (D)
  A rat (D)
26 creatures vanquished.

Vanquished Creatures (others)
  A wandering mushroom (D)
  A ballistomycete spore (D)
  2 fungi (D)
4 creatures vanquished.

Grand Total: 30 creatures vanquished

Notes
Turn   | Place    | Note
-------+----------+-------------------------------------------
     0 | D        | sircluck the Hill Orc Berserker began the quest for the
                  | Orb.
     0 | D        | Reached XP level 1. HP: 19/19 MP: 1/1
     8 | D        | Reached skill level 5 in Axes
     8 | D        | Reached XP level 2. HP: 28/28 MP: 2/2
    60 | D        | Noticed an oklob sapling
    64 | D        | Killed an oklob sapling
    64 | D        | Reached ** piety under Trog
    65 | D        | Reached skill level 5 in Fighting
    65 | D        | Reached skill level 6 in Axes
    65 | D        | Reached XP level 3. HP: 37/37 MP: 3/3
    67 | D        | Noticed a scorpion
    67 | D        | Found the amulet of invisibility {+Inv}
    70 | D        | Killed a scorpion
    71 | D        | Reached skill level 8 in Axes
    71 | D        | Reached XP level 4. HP: 47/47 MP: 4/4
   121 | D        | Reached skill level 9 in Axes
   121 | D        | Reached XP level 5. HP: 11/52 MP: 5/5
   275 | D        | Found an opulent altar of Gozag.
   275 | D        | Found a hazy altar of Hepliaklqana.
   275 | D        | Found a burning altar of Makhleb.
   275 | D        | Found a roughly hewn altar of Beogh.
   275 | D        | Found a sparkling altar of Nemelex Xobeh.
   275 | D        | Found a snail-covered altar of Cheibriados.
   275 | D        | Found a sacrificial altar of Ru.
   275 | D        | Found a shimmering blue altar of Sif Muna.
   275 | D        | Found a shimmering altar of Xom.
   275 | D        | Found a basalt altar of Yredelemnul.
   277 | D        | Found a viscous altar of Jiyva.
   277 | D        | Found a bloodstained altar of Trog.
   277 | D        | Found an ornate altar of the Wu Jian Council.
   278 | D        | Found an iron altar of Okawaru.
   278 | D        | Found a shadowy altar of Dithmenos.
   278 | D        | Found a glowing silver altar of Zin.
   279 | D        | Found an ancient bone altar of Kikubaaqudgha.
   279 | D        | Found a hide-covered altar of Uskayaw.
   280 | D        | Found a stormy altar of Qazlal.
   280 | D        | Found a white marble altar of Elyvilon.
   280 | D        | Found a glowing golden altar of the Shining One.
   281 | D        | Found a corrupted altar of Lugonu.
   281 | D        | Found a radiant altar of Vehumet.
   291 | D        | Reached skill level 1 in Stealth
   352 | D        | Reached *** piety under Trog
   353 | D        | Reached skill level 10 in Axes
   398 | D        | Reached skill level 1 in Evocations
   398 | D        | Reached XP level 6. HP: 62/62 MP: 6/6
   405 | D        | Reached skill level 11 in Axes
   405 | D        | Reached skill level 5 in Armour
   478 | D        | Found Puipahof's Distillery.
   478 | D        | Found Edghedua's General Store.
   489 | D        | Noticed a burning bush
   489 | D        | Noticed a wandering mushroom
   490 | D        | Noticed a wandering mushroom
   501 | D        | Reached skill level 12 in Axes
   813 | D        | Reached **** piety under Trog
   814 | D        | Reached skill level 10 in Fighting
  1320 | D        | Killed a burning bush
  1321 | D        | Reached skill level 13 in Axes
  1321 | D        | Reached XP level 7. HP: 73/73 MP: 7/7
  1379 | D        | Found Edol's Distillery.
  1379 | D        | Found Inyrurche's Distillery.
  1389 | D        | Bought a potion of might for 40 gold pieces
  1429 | D        | Noticed a queen bee
  1576 | D        | Killed a queen bee
  1576 | D        | Reached ***** piety under Trog
  1577 | D        | Reached XP level 8. HP: 82/82 MP: 8/8
  1716 | D        | Noticed an oklob plant
  1738 | D        | Killed an oklob plant
  1739 | D        | Reached skill level 14 in Axes
  1739 | D        | Reached skill level 10 in Armour
  1933 | D        | Noticed a burning bush
  1947 | D        | Killed a burning bush
  1948 | D        | Reached skill level 15 in Axes
  2034 | D        | Noticed a burning bush
  2034 | D        | Noticed an oklob plant
  2035 | D        | Noticed a wandering mushroom
  2329 | D        | Killed a burning bush
  2330 | D        | Reached XP level 9. HP: 37/92 MP: 9/9
  3068 | D        | Killed an oklob plant
  3069 | D        | Reached skill level 16 in Axes
  3225 | D        | Noticed a spriggan druid
  3235 | D        | Killed a spriggan druid
  3235 | D        | Received a gift from Trog
  3309 | D        | Noticed an oklob plant conjurer
  3319 | D        | Killed an oklob plant conjurer
  3320 | D        | Reached skill level 5 in Stealth
  3515 | D        | Noticed Agnes
  3526 | D        | Slain by Agnes

Illustrated notes

Levels and vault maps discovered:
D:        dungeon_sprint_fedhas [sprint_temple]

Skill      XL: |  1  2  3  4  5  6  7  8  9 |
---------------+----------------------------+-----
Fighting       | 4 5 7 8 10 11 12 14 | 14.2
Axes           | 5 6 8 9 10 13 15 16 | 16.7
Armour         | 3 4 7 9 11 13 | 13.2
Dodging        | 2 3 4 |  4.2
Stealth        | 2 4 5 |  5.0
Evocations     | 1 2 |  2.5

Action                     |  1- 3 |  4- 6 |  7- 9 || total
---------------------------+-------+-------+-------++-------
  Melee: Hand axe          |     8 |    52 |    94 ||   154
         Punch             |       |     3 |     4 ||     7
         Battleaxe         |       |       |     9 ||     9
 Invoke: Berserk           |     2 |     6 |     7 ||    15
         Brothers in Arms  |       |       |     2 ||     2
Ability: Evoke Invisibilit |       |     1 |       ||     1
    Use: Potion            |       |     1 |     1 ||     2
         Scroll            |       |       |     1 ||     1
   Stab: Invisible         |       |     3 |       ||     3
 Armour: Chain mail        |     2 |    12 |    13 ||    27
  Dodge: Dodged            |       |    14 |    16 ||    30

Table legend: (Time is in decaauts)
 A = Elapsed time spent in this place.
 B = Non-inter-level travel time spent in this place.
 C = Inter-level travel time spent in this place.
 D = Time resting spent in this place.
 E = Time spent auto-exploring this place.
 F = Levels seen in this place.
 G = Mean time per level.
                   A        B        C        D        E       F      G
               +--------+--------+--------+--------+--------+-----+--------+
         Total |   3626 |   3624 |      2 |   2904 |    145 |   1 | 3626.0 |
       Dungeon |   3626 |   3624 |      2 |   2904 |    145 |   1 | 3626.0 |
               +--------+--------+--------+--------+--------+-----+--------+

Top non-repeatable levels by time:
       D: 3626 daAuts
